cohdb
Replays
Latest Replays
All Replays
Popular Replays
Top Player Replays
Match Explorer
How It Works
Community
CoH3 Stats
Reddit
Sign in to upload your games and track your stats! →
Sign in with Steam
Match 44720686
Unlisted
Match 44720686
Overview
Messages
Build Orders
End
Construct Infanterie Kompanie
Kettenkrad Recon Vehicle
Selects Luftwaffe Battlegroup
Selects Luftwaffe Pioneer Support
MG 42 Machine Gun Team
Grenadier Squad
Grenadier Squad
Construct Luftwaffe Kompanie
Jäger Squad
Medical Station
Selects LG40 Recoilless Gun Paradrop
Flak 30 Anti-aircraft Gun Team
GrW 34 Mortar Team
AI Takeover
Alex.
^3
0
0
Comments
sign in to comment!
No comments posted yet!